 Dungeon Crawl Stone Soup version 0.19-a0-1513-gf6d23ed (webtiles) character file.

59672 vale the Brawler (level 14, -14/150 HPs)
             Began as a Troll Skald on Sept 13, 2016.
             Was a Follower of Uskayaw.
             Demolished by a phantasmal warrior (29 damage)
             ... led by a death knight
             ... on level 14 of the Dungeon.
             The game lasted 01:44:36 (25888 turns).

vale the Brawler (Troll Skald)                     Turns: 25888, Time: 01:44:37

Health: -14/150    AC:  8    Str: 23    XL:     14   Next: 54%
Magic:  17/17      EV: 18    Int:  8    God:    Uskayaw [*.....]
Gold:   1608       SH:  0    Dex: 13    Spells: 7 memorised, 2 levels left

rFire  + . .     SeeInvis .       - Unarmed
rCold  . . .     Gourm    +     p - +0 steam dragon armour
rNeg   . . .     Faith    .     (no shield)
rPois  .         Spirit   .     D - +0 hat
rElec  .         Dismiss  .     (no cloak)
rCorr  .         Reflect  .     (gloves unavailable)
MR     .....     Harm     .     (boots unavailable)
Stlth  +.........               (no amulet)
                                o - +4 ring of evasion
                                m - ring of protection from fire

@: vulnerable
A: unfitting armour, claws 3, fast metabolism 3, gourmand, regeneration 1,
shaggy fur 1, tough skin 2
a: Stomp, Renounce Religion


You were on level 14 of the Dungeon.
You worshipped Uskayaw.
Uskayaw was noncommittal.
You were not hungry.

You visited 4 branches of the dungeon, and saw 24 of its levels.
You also visited: Ossuary and Ice Cave.

You collected 1848 gold pieces.
You spent 240 gold pieces at shops.

Inventory:

Hand Weapons
 b - a +3 scimitar of flaming
Missiles
 a - a javelin of returning
 e - 33 tomahawks
 j - 691 stones
 v - 2 large rocks (quivered)
 P - a throwing net
Armour
 p - a +0 steam dragon armour (worn)
 D - a +0 hat (worn)
 K - a +0 large shield of protection
Jewellery
 m - a ring of protection from fire (left claw)
 o - a +4 ring of evasion (right claw)
 u - an uncursed ring of resist corrosion
 O - an uncursed ring of protection from cold
 T - an uncursed ring of fire
 V - an uncursed ring of wizardry
Wands
 d - a wand of hasting (2/9)
 q - a wand of polymorph (1/24)
 x - a wand of paralysis (15/24)
 G - a wand of digging (6/24)
 R - a wand of slowing (2/48)
 W - a wand of digging (13/24)
 Z - a wand of digging (14/24)
Scrolls
 f - a scroll of enchant armour
 h - a scroll of amnesia
 y - 2 scrolls of immolation
 F - 13 scrolls of remove curse
 L - 5 scrolls of enchant weapon
Potions
 i - 3 potions of magic
 l - 3 potions of flight
 s - 4 potions of lignification {unknown}
 t - 5 potions of curing
 B - 2 potions of cure mutation {unknown}
 E - a potion of brilliance {unknown}
 H - 3 potions of resistance
 I - 3 potions of might
 Q - a potion of haste {unknown}
Books
 n - a book of Necromancy

   Spells                             Type                      Level
   a - Pain                           Necromancy                   1
   b - Animate Skeleton               Necromancy                   1
   c - Vampiric Draining              Necromancy                   3
   d - Regeneration                   Charms/Necromancy            3
   e - Animate Dead                   Necromancy                   4
   f - Control Undead                 Necromancy                   4
 w - a book of Clouds

   Spells                             Type                      Level
   a - Mephitic Cloud                 Conjuration/Poison/Air       3
   b - Conjure Flame                  Conjuration/Fire             3
   c - Poisonous Cloud                Conjuration/Poison/Air       6
   d - Freezing Cloud                 Conjuration/Ice/Air          6
   e - Ring of Flames                 Charms/Fire                  7
 Y - a book of Geomancy

   Spells                             Type                      Level
   a - Sandblast                      Earth                        1
   b - Passwall                       Transmutation/Earth          2
   c - Stone Arrow                    Conjuration/Earth            3
   d - Petrify                        Transmutation/Earth          4
   e - Lee's Rapid Deconstruction     Earth                        5
Miscellaneous
 U - a fan of gales
Comestibles
 c - 15 bread rations {@e1}
 g - 12 fruits
 k - 10 beef jerkies
 X - a meat ration {@e2}


   Skills:
 - Level 12.6 Fighting
 - Level 7.6 Dodging
 + Level 6.2 Shields
 - Level 16.0 Unarmed Combat
 - Level 1.2 Spellcasting
 - Level 2.0 Charms
 - Level 5.4 Invocations


You had 2 spell levels left.
You knew the following spells:

 Your Spells              Type           Power        Failure   Level  Hunger
a - Infusion              Chrm           #...         21%         1    ##.....
b - Shroud of Golubria    Chrm/Tloc      #.........   43%         2    ###....
c - Song of Slaying       Chrm           #.......     30%         2    ###....
f - Repel Missiles        Chrm/Air       #.....       43%         2    ###....
g - Regeneration          Chrm/Necr      #.........   83%         3    ####...
n - Animate Skeleton      Necr           N/A          43%         1    ##.....
p - Blink                 Tloc           N/A          69%         2    ###....


Dungeon Overview and Level Annotations

Branches:
Dungeon (15/15)            Temple (1/1) D:6            Lair (6/6) D:10
 Shoals (0/4) Lair:2       Spider (0/4) Lair:4          Orc (2/2) D:10
    Elf (0/3) Orc:2        Depths (0/5) D:15
  Slime: Lair:5-6    Vaults: D:13-14

Altars:
Ashenzari
Cheibriados
Dithmenos
Elyvilon
Fedhas
Gozag
Hepliaklqana
Kikubaaqudgha
Makhleb
Nemelex Xobeh
Okawaru
Qazlal
Ru
Sif Muna
Trog
Uskayaw
Vehumet
Xom
Yredelemnul
Zin
The Shining One

Shops:
D:6 *   D:8 :   Orc:2 %:((

Annotations:
D:4 exclusion: Edmund, Edmund
D:7 Prince Ribbit
D:13 Nessos; Rupert
D:15 meatyocre's ghost, journeyman HOMo
Lair:2 exclusion: downstairs


Innate Abilities, Weirdness & Mutations

You are too large for most types of armour.
You have claws for hands.
Your metabolism is lightning-fast.
You like to eat raw meat.
Your natural rate of healing is unusually fast.
You are covered in fur. (AC +1)
You have very tough skin. (AC +2)


Message History

You regained 6 hp, and now have 17/150 hp.
Found a potion of heal wounds.
A troll comes into view.
The troll shouts!
The phantasmal warrior blinks!
The death knight offers itself to Yredelemnul, and fills with unholy energy.
The phantasmal warrior blinks!
The phantasmal warrior blinks!
Found a dagger.
The phantasmal warrior hits you!
* * * LOW HITPOINT WARNING * * *
You take 14 damage, and have 13/150 hp.
A shadow imp comes into view.
The phantasmal warrior blinks!
There is an open door here.
The phantasmal warrior hits you.
* * * LOW HITPOINT WARNING * * *
The shadow imp shouts!
The phantasmal warrior hits you!!
You die...

*,,,,,,,,,,,,,,,,,,,,,
*,,,,,,,,,****,*****,*
*,,,,,,...#,.',,,,**,*
*,,,,,,...#..#***+**,*
*,,,,,,..)#..#,,,,**,*
******,######..#'####****,*
*,,.,,,#....#........,,,,,*
**,....#....#........,,,,,*
*,....'..@.#.§......,,,#.#
**....#...W'T.#***+****#.#
*.,,,#....##.#,,,,,,,*'.#
*,,,,#.....#.#,,,∩,,,*#..
*,,,,#.....#.#,,,,,,,*#..
*,,,,#..5..#.###******#..
*,,,,#.....#.p.##+##+##..
**,,,,#######......p......
*,,,,,,,,.......#####.....


You could see a phantasmal warrior, a troll and a shadow imp.

Vanquished Creatures
  A fire dragon (D:15)
  A catoblepas (D:14)
  Erica (Lair:2)
  An ogre mage (D:15)
  3 centaur warriors
  A tengu warrior (D:14)
  3 orc high priests (Orc:2)
  A fire crab (Lair:4)
  The ghost of tmt the Skirmisher, a novice NaWr (D:5)
  3 hill giants
  A phantasmal warrior (D:14)
  6 orc knights
  A lindwurm (Lair:5)
  3 orc sorcerers (Orc:2)
  3 cyclopes
  4 black mambas
  An ice statue (IceCv)
  A torpor snail (Lair:5)
  5 spiny frogs
  4 rime drakes
  A kobold demonologist (D:12)
  3 efreet
  4 komodo dragons
  A freezing wraith (D:14)
  6 trolls
  3 polar bears
  A boulder beetle (Lair:5)
  A jumping spider (Lair:4)
  2 two-headed ogres
  4 dream sheep (Lair:5)
  22 blink frogs
  Grinder (D:3)
  19 slime creatures
  10 spriggans
  A vampire (D:10)
  30 yaks
  A shadow (D:11)
  3 wyverns
  2 wraiths (D:11)
  A redback (Lair:4)
  A fire bat (Lair:6)
  A steam dragon (D:9)
  2 hungry ghosts
  7 hippogriffs
  A mottled dragon (D:11)
  3 wargs (Orc:2)
  Duvessa (D:5)
  18 water moccasins
  9 porcupines
  2 ice beasts
  24 orc warriors
  4 sky beasts
  2 black bears
  2 phantoms
  2 wasps
  14 ogres
  An eye of draining (D:11)
  2 necrophages
  23 wolves
  4 boggarts (Lair:6)
  12 centaurs
  13 crocodiles
  2 big kobolds
  Blork the orc (D:6)
  11 giant frogs
  5 water moccasin zombies (Ossuary)
  An elf skeleton (D:7)
  Dowan (D:5)
  2 scorpions
  5 killer bees (D:11)
  A wight (D:14)
  An electric eel (Lair:2)
  A howler monkey (D:12)
  8 crimson imps
  2 centaur zombies
  4 jellies
  A wasp zombie (D:9)
  2 quasits
  23 orc priests
  24 orc wizards
  6 centaur skeletons
  A gnoll shaman (Orc:2)
  5 hounds
  2 giant frog skeletons
  6 iguanas
  2 human skeletons (D:7)
  6 worker ants
  3 hell rats (D:10)
  2 mummies (Ossuary)
  A worker ant zombie (D:7)
  9 gnolls
  25 river rats
  14 adders
  A shadow imp (D:8)
  3 white imps (IceCv)
  2 ufetubi (IceCv)
  3 worms
  A dart slug (D:1)
  5 giant geckos
  78 orcs
  5 bats
  4 giant cockroaches
  4 gnoll zombies (Ossuary)
  8 goblins
  8 hobgoblins
  16 kobolds
  7 quokkas
  A ball python (D:2)
  A giant cockroach zombie (D:5)
  A giant newt (D:1)
  8 hobgoblin zombies (Ossuary)
  8 kobold zombies (Ossuary)
  3 orc skeletons (D:7)
  2 orc zombies (Ossuary)
  2 rats (D:2)
  A butterfly (Lair:4)
658 creatures vanquished.

Vanquished Creatures (others)
  A reaper (IceCv)
  5 dream sheep (D:8)
  4 white imps (IceCv)
  5 ufetubi (IceCv)
  11 fungi
  3 plants
29 creatures vanquished.

Grand Total: 687 creatures vanquished

Notes
Turn   | Place    | Note
-------+----------+-------------------------------------------
     0 | D:1      | vale the Troll Skald began the quest for the Orb.
     0 | D:1      | Reached XP level 1. HP: 19/19 MP: 1/1
   373 | D:1      | Reached XP level 2. HP: 27/27 MP: 2/2
   706 | D:1      | Reached skill level 3 in Unarmed Combat
   906 | D:2      | Reached XP level 3. HP: 33/33 MP: 3/3
  1219 | D:2      | Reached skill level 4 in Unarmed Combat
  1305 | D:2      | Reached XP level 4. HP: 41/41 MP: 4/4
  1382 | D:2      | Found a hazy altar of Hepliaklqana.
  1884 | D:3      | Found a bloodstained altar of Trog.
  2137 | D:2      | Reached skill level 5 in Unarmed Combat
  2438 | D:3      | Noticed Grinder
  2472 | D:3      | Killed Grinder
  2472 | D:3      | Reached skill level 6 in Unarmed Combat
  2472 | D:3      | Reached XP level 5. HP: 46/48 MP: 2/5
  2472 | D:3      | Reached XP level 6. HP: 53/55 MP: 2/6
  2670 | D:4      | Found a basalt altar of Yredelemnul.
  2978 | D:4      | Noticed Edmund
  3114 | D:3      | Learned a level 2 spell: Shroud of Golubria
  3117 | D:3      | Learned a level 2 spell: Song of Slaying
  3178 | D:5      | Entered Level 5 of the Dungeon
  3185 | D:5      | Noticed a sky beast
  3195 | D:5      | Killed a sky beast
  3195 | D:5      | Reached skill level 7 in Unarmed Combat
  3227 | D:5      | Noticed Dowan
  3248 | D:5      | Killed Dowan
  3362 | D:5      | Noticed Duvessa
  3369 | D:5      | Killed Duvessa
  3369 | D:5      | Reached XP level 7. HP: 66/66 MP: 7/7
  3499 | D:5      | Noticed tmt's ghost (novice NaWr)
  3803 | D:6      | Found Veuxir's Serpentskin Sales.
  4028 | D:6      | Found a staircase to the Ecumenical Temple.
  4044 | Temple   | Entered the Ecumenical Temple
  4196 | Temple   | Became a worshipper of Uskayaw the Reveler
  4269 | D:6      | Reached * piety under Uskayaw
  4270 | D:6      | Reached skill level 5 in Fighting
  4270 | D:6      | Reached XP level 8. HP: 80/80 MP: 8/8
  4323 | D:6      | Reached ** piety under Uskayaw
  4345 | D:6      | Noticed Blork the orc
  4892 | D:5      | Reached *** piety under Uskayaw
  5151 | D:5      | Killed tmt's ghost
  5384 | D:6      | Reached XP level 9. HP: 73/96 MP: 9/9
  5469 | D:6      | Killed Blork the orc
  5737 | D:7      | Reached skill level 8 in Unarmed Combat
  5782 | D:7      | Found an opulent altar of Gozag.
  5782 | D:7      | Found a sparkling altar of Nemelex Xobeh.
  5892 | D:7      | Found a sand-covered staircase.
  5903 | Ossuary  | Entered an ossuary
  5925 | Ossuary  | Reached skill level 9 in Unarmed Combat
  6368 | D:7      | Reached skill level 10 in Unarmed Combat
  6485 | D:7      | Noticed Prince Ribbit
  6921 | D:8      | Found a glowing silver altar of Zin.
  6921 | D:8      | Found a snail-covered altar of Cheibriados.
  6922 | D:8      | Found a radiant altar of Vehumet.
  6922 | D:8      | Found a shattered altar of Ashenzari.
  6922 | D:8      | Found a sacrificial altar of Ru.
  6922 | D:8      | Found an ancient bone altar of Kikubaaqudgha.
  7213 | D:8      | Found Mewokh's Book Emporium.
  7240 | D:8      | Bought a book of Minor Magic for 240 gold pieces
  7243 | D:8      | Learned a level 2 spell: Blink
  7246 | D:8      | Learned a level 2 spell: Repel Missiles
  7438 | D:8      | Reached XP level 10. HP: 99/104 MP: 10/10
  8080 | D:8      | Found a shimmering altar of Xom.
  8294 | D:9      | Reached **** piety under Uskayaw
  8438 | D:9      | Found a burning altar of Makhleb.
  8583 | D:8      | Reached skill level 5 in Dodging
  8713 | D:9      | Reached skill level 11 in Unarmed Combat
  9179 | D:9      | Reached ***** piety under Uskayaw
  9620 | D:10     | Entered Level 10 of the Dungeon
  9669 | D:10     | Reached skill level 12 in Unarmed Combat
  9869 | D:9      | Reached XP level 11. HP: 73/111 MP: 8/11
 10158 | D:10     | Found a staircase to the Lair.
 10188 | D:10     | Found a staircase to the Orcish Mines.
 10471 | D:9      | Learned a level 3 spell: Regeneration
 10706 | Lair:1   | Entered Level 1 of the Lair of Beasts
 11980 | Lair:2   | Reached skill level 1 in Invocations
 12208 | Lair:2   | Noticed Erica
 12742 | Lair:2   | Killed Erica
 12811 | Lair:2   | You fall through a shaft!
 12817 | Lair:3   | Noticed a seven-headed hydra
 12843 | Lair:3   | why didn't that work
 12942 | Lair:2   | Found a shimmering altar of Xom.
 13159 | Lair:2   | Found a staircase to the Shoals.
 13860 | Lair:4   | Reached skill level 5 in Invocations
 14096 | Lair:4   | Reached skill level 13 in Unarmed Combat
 14141 | Lair:4   | Found a hole to the Spider Nest.
 14384 | Lair:4   | Reached XP level 12. HP: 76/118 MP: 15/15
 15256 | Lair:5   | Found a shadowy altar of Dithmenos.
 15284 | Lair:5   | Reached skill level 14 in Unarmed Combat
 15352 | Lair:5   | Found a frozen archway.
 15396 | IceCv    | Entered an ice cave
 15780 | IceCv    | Killed a reaper
 16573 | Lair:5   | Reached skill level 15 in Unarmed Combat
 17416 | Lair:6   | Entered Level 6 of the Lair of Beasts
 17419 | Lair:6   | Noticed an eight-headed hydra
 18183 | Lair:6   | Reached XP level 13. HP: 101/132 MP: 16/16
 18329 | Lair:6   | Reached skill level 10 in Fighting
 18980 | Orc:1    | Entered Level 1 of the Orcish Mines
 19259 | Orc:1    | Found a bloodstained altar of Trog.
 19465 | Orc:2    | Entered Level 2 of the Orcish Mines
 19465 | Orc:2    | Found a staircase to the Elven Halls.
 20285 | Orc:2    | Paralysed by an orc sorcerer for 5 turns
 21405 | Orc:2    | Found Cuokhy's Antique Weapon Emporium.
 21405 | Orc:2    | Found Izusoor's Antique Weapon Boutique.
 21407 | Orc:2    | Found Kyithoh's Book Emporium.
 21407 | Orc:2    | Found Oclap's Food Boutique.
 22422 | D:11     | Reached XP level 14. HP: 140/150 MP: 17/17
 23554 | D:12     | Reached skill level 16 in Unarmed Combat
 23615 | D:12     | Learned a level 1 spell: Animate Skeleton
 23824 | D:12     | Found a sparkling altar of Nemelex Xobeh.
 23864 | D:12     | You fall through a shaft for 3 floors!
 23864 | D:15     | Entered Level 15 of the Dungeon
 23878 | D:15     | Reached skill level 1 in Shields
 23980 | D:15     | Noticed meatyocre's ghost (journeyman HOMo)
 24139 | D:13     | Found a labyrinth entrance.
 24139 | D:13     | Noticed Rupert
 24902 | D:15     | Reached ****** piety under Uskayaw
 25064 | D:15     | Reached skill level 5 in Shields
 25325 | D:15     | duh
 25725 | D:13     | Noticed Nessos
 25727 | D:13     | for fucks sake
 25863 | D:13     | HP: 6/150 [phantasmal warrior[a death knight] (34)]
 25888 | D:14     | Demolished by a phantasmal warrior

Vault maps used:
D:1:      saegor_arrival_simple_b
D:2:      lemuel_coloured_pillars_altar, st_stairs_12,
          hangedman_abyss_or_decor_stabs, serial_bayou_ford_a
D:3:      trog_hazing_becter, uniq_grinder
D:4:      kennysheep_little_box, uniq_edmund
D:5:      first_bread, kennysheep_generic_room_6, uniq_duvessa
D:6:      guppyfry_shop_venom, uniq_blork_the_orc
D:7:      grunt_temple_overflow_opulence, nicolae_ossuary_entry_catacombs,
          grunt_ogre_cave, uniq_prince_ribbit1
D:8:      grunt_temple_overflow_open, serial_shops,
          nicolae_shop_window_shopping, kb_xom_exploding_sheep
D:9:      makhleb_heckhound_becter
D:10:     dpeg_lair_monsters, david_orc_3
D:11:     roderic_serpentine_path
D:12:     lemuel_upstairs_altar, nemelex_xobeh_ov_fountains_minmay
D:13:     serial_shops, shop, lab_entry_generic, uniq_nessos, uniq_rupert
D:14:     minmay_ornate_pinched, david_vaults_1,
          nicolae_gozag_cash_rules_everything_around_me, minmay_strange_pillars
D:15:     grunt_enter_depths_snipers
Temple:   minmay_temple_curvy_loop
Lair:2:   shoals_dummy_entry, basic_altar, grunt_megastairs_3,
          infiniplex_staircase_pool, lemuel_fruit_fields, uniq_erica
Lair:4:   spider_nest_entry_a, small_statue_intersection
Lair:5:   portal_ice_cave_entry_pillars_2, lemuel_altar_in_water2
Lair:6:   minmay_lair_end_enchanted_forest, dpeg_slime_entry_corner
Orc:1:    bloody_trog
Orc:2:    grunt_orc_tribal_feast
Ossuary:  ossuary_tomb_2
IceCv:    ice_cave_small_demon

Skill      XL: |  1  2  3  4  5  6  7  8  9 10 11 12 13 14 |
---------------+-------------------------------------------+-----
Unarmed Combat | 3 4 6 7 10 12 13 15 16 | 16.0
Fighting       | 2 5 8 9 12 | 12.6
Dodging        | 4 6 7 |  7.6
Invocations    | 5 |  5.4
Shields        | 6 |  6.2
Spellcasting   | |  1.2
Charms         | |  2.0

Action                   |  1- 3 |  4- 6 |  7- 9 | 10-12 | 13-15 || total
-------------------------+-------+-------+-------+-------+-------++-------
Melee: Unarmed           |    97 |    93 |   332 |   752 |   779 ||  2053
       Punch             |     3 |     2 |    16 |    37 |    56 ||   114
Throw: Stone             |    17 |     8 |     2 |       |       ||    27
       Tomahawk          |       |       |    16 |    59 |    45 ||   120
       Large rock        |       |       |       |       |    13 ||    13
       Javelin           |       |       |       |       |     1 ||     1
 Cast: Infusion          |     2 |     1 |       |       |       ||     3
       Repel Missiles    |       |       |     1 |     2 |     2 ||     5
Invok: Line Pass         |       |       |     1 |     2 |     8 ||    11
       Stomp             |       |       |       |     2 |     2 ||     4
Evoke: Wand              |       |       |     8 |    15 |    12 ||    35
       Fan of gales      |       |       |       |     2 |       ||     2
  Use: Scroll            |       |     8 |     1 |    19 |    11 ||    39
       Potion            |       |     1 |     1 |     4 |     9 ||    15
 Stab: Paralysed         |       |       |     5 |    16 |    33 ||    54
       Sleeping          |       |       |     1 |     3 |     1 ||     5
       Confused          |       |       |       |     1 |     2 ||     3
  Eat: Chunk             |    18 |    13 |    52 |    99 |    67 ||   249
       Pizza             |       |       |     1 |     1 |       ||     2
       Meat ration       |       |       |       |     1 |       ||     1
       Beef jerky        |       |       |       |     1 |       ||     1
Armor: Robe              |    55 |    19 |    64 |    85 |       ||   223
       Steam dragon hide |       |       |       |     8 |       ||     8
       Steam dragon armo |       |       |       |    14 |   121 ||   135
Dodge: Dodged            |    42 |    44 |   118 |   408 |   510 ||  1122
       Deflected         |       |       |       |     4 |     6 ||    10
